 Dungeon Crawl Stone Soup version 0.31.0-9-g3a7656b989 (console) character file.

Game seed: 9652406932142723318

446226 Borsukrates the Slayer (level 24, -16/286 HPs)
             Began as an Oni Fighter on Jan 31, 2024.
             Was a High Priest of Qazlal.
             Killed from afar by a fire giant (42 damage)
             ... with a fireball
             ... on level 5 of the Vaults on Feb 1, 2024.
             The game lasted 07:13:18 (44273 turns).

Borsukrates the Slayer (Oni Fighter)               Turns: 44273, Time: 07:13:19

Health: -16/286    AC: 18    Str: 27    XL:     24   Next: 20%
Magic:  34/37      EV: 20    Int:  9    God:    Qazlal [*****.]
Gold:   2571       SH: 46    Dex: 22    Spells: 26/26 levels left

rFire   . . .        a - +8 demon blade (elec)
rCold   . . .        n - +18 shield of the Gong {Loud rN+ Will+ rCorr EV-5}
rNeg    + + .        Y - +1 robe of Vines {NoPotionHeal Regen++++}
rPois   +            (helmet restricted)
rElec   .            L - +2 cloak {Will+}
rCorr   +            (gloves unavailable)
SInv    .            (boots unavailable)
Will    ++++.        v - amulet of reflection
Stlth   +            X - ring of the Tortoise {AC+8}
HPRegen 3.87/turn    E - ring "Oprae" {rPois rN+ Dex+6}
MPRegen 0.25/turn

%: repel missiles, reflection
@: about to teleport, protected from physical damage, slowed, studying 2 skills,
very slow
A: large, unfitting armour, horns 1, tough skin 1, double potion healing,
drunken brawling
}: 2/15 runes: decaying, serpentine
a: Renounce Religion, Upheaval, Elemental Force, Disaster Area


You were on level 5 of the Vaults.
You worshipped Qazlal.
Qazlal was extremely pleased with you.
You visited 8 branches of the dungeon, and saw 40 of its levels.
You visited 1 bazaar.
You also visited: Sewer and Ice Cave.

You collected 6051 gold pieces.
You spent 3480 gold pieces at shops.

Inventory:

Hand Weapons
 a - a +8 demon blade of electrocution (weapon)
 b - a +4 double sword of holy wrath
 o - a +0 scimitar of protection
 J - the +5 short sword "Killer Bee's Curse" {holy, rF++ rC+++ Int-5}
   (You found it on level 3 of the Snake Pit)

   Int-5:     It affects your intelligence (-5).
   rF++:      It greatly protects you from fire.
   rC+++:     It renders you almost immune to cold.
Missiles
 i - 6 curare-tipped darts {!f}
 t - 72 large rocks (quivered)
Armour
 n - the +18 shield of the Gong (worn) {Loud rN+ Will+ rCorr EV-5}
   (You found it on level 12 of the Dungeon)

   Loud:      It is deafeningly noisy when blocking attacks.
   EV-5:      It affects your evasion (-5).
   rN+:       It protects you from negative energy.
   Will+:     It increases your willpower.
   rCorr:     It protects you from acid and corrosion.
 L - a +2 cloak of willpower (worn)
 Y - the +1 robe of Vines (worn) {NoPotionHeal Regen++++}
   (You found it on level 9 of the Dungeon)

   NoPotionHeal: Its wearer cannot be healed by potions.
   Regen++++: It increases your rate of health regeneration.
Magical Staves
 K - a staff of air
Jewellery
 c - a ring of protection from cold
 h - the ring "Gurapnim" {rPois Str+7 Dex+6}
   (You found it on level 4 of the Depths)

   [ring of dexterity]

   Str+7:     It affects your strength (+7).
   Dex+6:     It affects your dexterity (+6).
   rPois:     It protects you from poison
 q - the ring "Egas" {Wiz Slay+2}
   (You found it on level 2 of the Snake Pit)

   [ring of wizardry]

   Wiz:       It improves your spell success rate.
   Slay+2:    It affects your accuracy & damage with ranged weapons and melee
   (+2).
 u - a +5 ring of evasion
 v - an amulet of reflection (around neck)
 A - the ring "Addenoc" {Ice Int+3}
   (You took it off a tengu reaver on level 3 of the Depths)

   [ring of ice]

   Ice:       It enhances your ice magic.
   Int+3:     It affects your intelligence (+3).
   rF-:       It makes you vulnerable to fire.
   rC+:       It protects you from cold.
 E - the ring "Oprae" (right hand) {rPois rN+ Dex+6}
   (You found it on level 11 of the Dungeon)

   [ring of dexterity]

   Dex+6:     It affects your dexterity (+6).
   rPois:     It protects you from poison rN+: It protects you from negative
   energy.
 G - an amulet of regeneration
 P - a ring of protection from fire
 Q - a ring of willpower
 X - the ring of the Tortoise (left hand) {AC+8}
   (You bought it in a shop on level 1 of the Snake Pit)

   [ring of protection]

   AC+8:      It affects your AC (+8).
 Z - a ring of ice
Wands
 g - a wand of digging (32)
 r - a wand of roots (32)
 B - a wand of acid (15)
 N - a wand of paralysis (30)
 W - a wand of mindburst (31)
Scrolls
 l - 7 scrolls of enchant armour {enchant ar?}
 p - 2 scrolls of fear
 x - a scroll of revelation
 z - 3 scrolls of blinking
 C - 2 scrolls of butterflies
 D - 4 scrolls of poison
 F - 5 scrolls of silence
 I - 12 scrolls of teleportation
 M - 5 scrolls of fog
 R - 2 scrolls of identify
Potions
 d - 25 potions of curing
 e - 6 potions of might
 f - 4 potions of resistance
 j - 4 potions of enlightenment
 k - 3 potions of berserk rage
 m - a potion of cancellation
 s - a potion of lignification
 w - 9 potions of heal wounds
 S - 9 potions of mutation
 T - 3 potions of invisibility
 U - 2 potions of magic
 V - 3 potions of haste
Miscellaneous
 y - a condenser vane (inert)
 H - a phantom mirror (inert)
 O - a phial of floods (inert)


   Skills:
 * Level 25.1 Fighting
 + Level 16.4 Long Blades
 - Level 3.4 Maces & Flails
 * Level 21.0 Dodging
 - Level 18.0 Shields
 - Level 1.9 Spellcasting
 - Level 20.0 Invocations
 - Level 5.0 Evocations


You had 26 spell levels left.
You didn't know any spells.
Your spell library contained the following spells:

 Spells                   Type           Power      Damage    Failure   Level
 Foxfire                  Conj/Fire      0%         2x1d4     41%         1
 Freeze                   Ice            0%         1d3       41%         1
 Magic Dart               Conj           0%         1d3       41%         1
 Necrotise                Necr           0%         1d4       41%         1
 Sandblast                Erth           0%         2d4       41%         1
 Cigotuvi's Dreadful Rot  Necr/Alch/Air  0%         N/A       54%         2
 Lesser Beckoning         Tloc           0%         N/A       54%         2
 Searing Ray              Conj           0%         2d4       54%         2
 Sublimation of Blood     Necr           0%         N/A       54%         2
 Call Canine Familiar     Summ           0%         N/A       78%         3
 Dazzling Flash           Conj/Hex       0%         N/A       78%         3
 Frozen Ramparts          Ice            0%         1d1       78%         3
 Gell's Gravitas          Tloc           0%         N/A       78%         3
 Hailstorm                Conj/Ice       0%         3d5       78%         3
 Mephitic Cloud           Conj/Alch/Air  0%         N/A       78%         3
 Passwall                 Erth           0%         N/A       78%         3
 Sigil of Binding         Hex            0%         N/A       78%         3
 Stone Arrow              Conj/Erth      0%         3d7       78%         3
 Summon Ice Beast         Ice/Summ       0%         N/A       78%         3
 Teleport Other           Tloc           0%         N/A       78%         3
 Tukima's Dance           Hex            0%         N/A       78%         3
 Vampiric Draining        Necr           0%         2d6       78%         3
 Volatile Blastmotes      Fire/Tloc      0%         2d10      78%         3
 Animate Armour           Summ/Erth      0%         N/A       99%         4
 Brom's Barrelling Bould  Conj/Erth      0%         2d3       99%         4
 Cause Fear               Hex            0%         N/A       99%         4
 Dimensional Bullseye     Hex/Tloc       0%         N/A       99%         4
 Fulminant Prism          Conj/Alch      0%         3d5       99%         4
 Ignite Poison            Fire/Alch      0%         N/A       99%         4
 Iskenderun's Mystic Bla  Conj/Tloc      0%         2d3       99%         4
 Leda's Liquefaction      Alch/Erth      0%         N/A       99%         4
 Martyr's Knell           Necr/Summ      0%         N/A       99%         4
 Olgreb's Toxic Radiance  Alch           0%         N/A       99%         4
 Passage of Golubria      Tloc           0%         N/A       99%         4
 Petrify                  Alch/Erth      0%         N/A       99%         4
 Summon Lightning Spire   Summ/Air       0%         N/A       99%         4
 Curse of Agony           Necr           0%         N/A       100%        5
 Fireball                 Conj/Fire      0%         3d3       100%        5
 Freezing Cloud           Conj/Ice/Air   0%         6-21      100%        5
 Irradiate                Conj/Alch      0%         3d11      100%        5
 Lee's Rapid Deconstruct  Erth           0%         3d4*      100%        5
 Silence                  Hex/Air        0%         N/A       100%        5
 Yara's Violent Unravell  Hex/Alch       0%         3d3       100%        5
 Bombard                  Conj/Erth      0%         9d1       100%        6
 Plasma Beam              Fire/Air       0%         2x1d10    100%        6
 Sculpt Simulacrum        Ice/Alch       0%         N/A       100%        6
 Starburst                Conj/Fire      0%         6d3       100%        6
 Haunt                    Necr/Summ      0%         N/A       100%        7
 Malign Gateway           Summ/Tloc      0%         N/A       100%        7
 Ozocubu's Refrigeration  Ice            0%         4d7       100%        7
 Borgnjor's Revivificati  Necr           0%         N/A       100%        8
 Discord                  Hex            0%         N/A       100%        8
 Lehudib's Crystal Spear  Conj/Erth      0%         10d2      100%        8
 Maxwell's Capacitive Co  Air            0%         ∞         100%        8
 Summon Horrible Things   Summ           0%         N/A       100%        8
 Death's Door             Necr           0%         N/A       100%        9
 Dragon's Call            Summ           0%         N/A       100%        9


Dungeon Overview and Level Annotations

Branches:
Dungeon (15/15)            Temple (1/1) D:6            Lair (5/5) D:11
  Swamp (4/4) Lair:3        Snake (4/4) Lair:3        Slime (0/5) Lair:4
    Orc (2/2) D:12            Elf (0/3) Orc:2        Vaults (5/5) D:14
  Crypt (0/3) Vaults:3     Depths (4/4) D:15            Zot (0/5) Depths:4
  Sewer (visited)           IceCv (visited)

Altars:
Ashenzari
Cheibriados
Dithmenos
Elyvilon
Fedhas
Gozag
Hepliaklqana
Kikubaaqudgha
Makhleb
Nemelex Xobeh
Okawaru
Qazlal
Ru
Sif Muna
Trog
Uskayaw
Vehumet
Wu Jian
Xom
Yredelemnul
Zin
The Shining One

Shops:
D:3 *   D:4 (   D:9 [   Orc:2 (****=   Snake:1 =:=   Snake:2 :([   Vaults:1 *
Vaults:4 [

Portals:
Hell: Depths:1 Depths:2 Depths:3 Depths:4
Abyss: Depths:1 Depths:3
Pandemonium: Depths:1 Depths:2
Ziggurat: Depths:4

Annotations:
Depths:4 Qiwept's ghost, veteran BaIE; Xoxom's ghost, master GrEE


Innate Abilities, Weirdness & Mutations

You are too large for most types of armour.
You have a pair of small horns on your head.
You have tough skin. (AC +1)
You gain doubled healing and magic from potions.
Whenever you drink a healing potion, you attack all around you.


Message History

You hold your ground!
Your fire elemental barely misses the storm dragon.
You hear a horrible gurgling sound!
You hear a shout! x3
You slice the titan!!
You headbutt the titan, but do no damage.
The titan is almost dead.
Your air elemental barely misses the titan.
Your air elemental hits the titan but does no damage.
The storm dragon bites you but does no damage.
You block the storm dragon's attack.
PANG!
You block the storm dragon's attack.
BOUMMMMG!
You block the storm dragon's attack.
GONNNNG!
The storm dragon closely misses you. The storm dragon tramples you!
* * * LOW HITPOINT WARNING * * *
You feel more protected from physical attacks.
You hold your ground!
The titan is engulfed in blazing flames.
The titan hits you!!
* * * LOW HITPOINT WARNING * * *
Your water elemental hits the storm dragon!
The fire giant completely misses your air elemental.
The yaktaur captain throws a stone.
The stone hits you!
* * * LOW HITPOINT WARNING * * *
Your fire elemental barely misses the storm dragon.
You hear a horrible gurgling sound!
You hear a shout!
Blink to where?
Press: ? - help, Dir - move target
As you read the scroll of blinking, it crumbles to dust.
The faun changes into a glowing orange brain!
Your air elemental hits the titan but does no damage.
Your air elemental completely misses the titan.
Your air elemental hits the titan.
The titan dies!
Qazlal accepts your kill.
The fire giant gestures at you while chanting.
The fireball explodes!
The fireball engulfs you!!!
You die...

#.#...#c..#..#
##.#.§.#p.#..#
#.#☼D.°§#.#..#
#.EEWDE..#..#
#.....#C#.#.†#
#......G.##.[#
|.'.........#☼.#
...#..#....§.[..#
############.@..#
.....☼....#
........☼.#
###########


You could see an ironbound preserver, a storm dragon (ally target), a fire
giant, a glowing orange brain shaped shifter, a friendly water elemental
(summoned), a friendly fire elemental (summoned) and a friendly air elemental
(summoned).

Vanquished Creatures
  Frederick (Vaults:4)
  A juggernaut (Depths:2)
  Boris (Vaults:2)
  3 golden dragons
  Nikola (Swamp:4)
  Jory (Vaults:2)
  Norris (Depths:3)
  2 bone dragons (Depths:4)
  Jorgrun (D:15)
  3 tentacled monstrosities
  3 liches
  Rupert (D:15)
  4 sphinxes
  2 titans
  4 quicksilver dragons
  Kirke (D:15)
  3 thorn hunters (Swamp:4)
  4 storm dragons
  2 shadow dragons
  4 tengu reavers
  A draconian monk (Depths:4)
  The ghost of Lyniq the Transmogrifier, a journeyman DrSh of Wu Jian (D:15)
  Aizul (Vaults:1)
  3 nagarajas
  9 fire giants
  An iron dragon (Vaults:4)
  A deep elf sorcerer (Vaults:3)
  6 frost giants
  14 vault wardens
  A draconian stormcaller (Depths:4)
  A cacodemon (Depths:1)
  Louise (D:15)
  5 ghouls
  13 ironbound preservers
  3 orc warlords
  4 spriggan defenders
  2 reapers (Depths:1)
  5 formless jellyfish
  18 very ugly things
  9 ironbound thunderhulks
  15 stone giants
  2 vampire knights
  A black draconian (Depths:4)
  A deep elf demonologist (Vaults:5)
  2 eleionomae
  2 deep elf annihilators (Vaults:5)
  A white draconian (Depths:4)
  4 bunyips
  2 yellow draconians (Depths:4)
  4 war gargoyles
  3 green draconians (Depths:4)
  Azrael (D:15)
  4 spark wasps (Depths:2)
  5 crystal guardians
  16 dire elephants
  9 ettins
  8 fire dragons
  4 shambling mangroves
  7 yaktaur captains
  A deep elf high priest (Vaults:5)
  8 great orbs of eyes
  Fannar (D:12)
  28 vault guards
  5 ice dragons
  4 peacekeepers
  4 rakshasas
  An ogre mage (D:15)
  5 salamander tyrants
  5 alligators
  15 anacondas
  A hell beast (Depths:1)
  6 spriggan air magi
  11 ironbound frosthearts
  13 hydras
  A spriggan skeleton (Depths:2)
  13 centaur warriors
  4 ghost crabs
  A dancing weapon (D:14)
  5 deep troll shamans (Depths:4)
  7 tengu warriors
  8 boulder beetles
  16 naga warriors
  8 death yaks (Lair:4)
  8 two-headed ogres
  4 deep troll earth magi
  5 orc high priests
  Urug (D:12)
  4 occultists
  5 spriggan berserkers
  11 hell knights
  7 shock serpents
  A soul eater (Depths:1)
  2 sun demons (Depths:1)
  17 naga sharpshooters
  4 skysharks
  3 skeletal warriors
  2 salamander mystics
  A sea snake (Snake:2)
  A sixfirhy (Depths:1)
  Lodul (D:13)
  6 iron trolls
  A shadow demon (Depths:2)
  5 spriggan druids
  6 arcanists
  14 mana vipers
  6 swamp dragons
  5 goliath frogs
  27 deep trolls
  12 naga ritualists
  3 glowing orange brains (Depths:3)
  4 lindwurms
  An obsidian statue (Depths:1)
  6 bog bodies
  A spriggan simulacrum (Depths:3)
  8 orc knights
  4 orange crystal statues (D:15)
  4 spectral hydras (Swamp:4)
  9 phantasmal warriors
  8 necromancers
  14 ironbound convokers
  5 harpies
  3 deep elf pyromancers
  7 orc sorcerers
  2 cyclopes (D:15)
  A tengu skeleton (Depths:2)
  2 manticores
  7 will-o-the-wisps
  42 ugly things
  10 oklob plants
  A stone giant zombie (Vaults:3)
  9 guardian serpents
  23 salamanders
  An iron dragon skeleton (Depths:1)
  2 ice statues (IceCv)
  24 elephants
  A black mamba (shapeshifter) (D:14)
  5 kobold blastminers
  A frost giant skeleton (Depths:2)
  A centaur zombie (D:15)
  48 black mambas
  18 vault sentinels
  23 naga magi
  A torpor snail (Lair:1)
  Maggie (D:8)
  A smoke demon (Depths:1)
  2 spriggan zombies
  A komodo dragon (shapeshifter) (D:13)
  An unseen horror (D:11)
  6 rime drakes
  25 cane toads
  2 freezing wraiths
  An efreet (D:14)
  2 kobold demonologists
  23 yaktaurs
  3 anaconda simulacra (IceCv)
  8 ice devils
  7 komodo dragons
  5 tengu conjurers
  A tormentor (Depths:1)
  A golden dragon simulacrum (Depths:1)
  A yaktaur skeleton (Vaults:3)
  3 hydra zombies (Swamp:4)
  14 tyrant leeches
  A red devil (Depths:1)
  5 trolls
  A wolf spider simulacrum (D:15)
  A polar bear (Lair:5)
  13 hornets
  15 blink frogs
  12 dream sheep (Lair:5)
  A hydra skeleton (Swamp:4)
  A meliai zombie (D:15)
  An iron dragon simulacrum (Depths:2)
  A frost giant simulacrum (Vaults:3)
  A centaur simulacrum (D:14)
  20 slime creatures
  A shadow (D:10)
  4 wyverns
  3 wraiths
  15 spriggans
  A ynoxinul (Depths:1)
  65 yaks
  5 basilisks
  3 fire elementals (D:15)
  6 hogs (D:15)
  2 dire elephant simulacra (IceCv)
  2 neqoxecs (Depths:1)
  3 wargs
  15 vampire mosquitoes
  A chaos spawn (Depths:1)
  2 harpy simulacra (IceCv)
  51 nagas
  3 hell hounds (D:15)
  A glowing shapeshifter zombie (Depths:3)
  14 swamp worms
  2 ogre skeletons (Vaults:3)
  An acid dragon (D:13)
  2 human skeletons (Vaults:3)
  5 hydra simulacra
  9 water moccasins
  A human zombie (Depths:2)
  A glowing shapeshifter skeleton (Depths:3)
  6 swamp drakes
  17 orc warriors
  A black bear (Lair:2)
  A sky beast (D:6)
  16 boggarts
  A swamp dragon zombie (Swamp:4)
  13 ogres
  A swamp dragon skeleton (Swamp:4)
  10 centaurs
  2 phantoms
  6 kobold brigands
  A brain worm (Sewer)
  22 bullfrogs
  5 scorpions
  A necrophage (Swamp:4)
  9 wights
  An elephant simulacrum (Lair:3)
  15 killer bees
  6 howler monkeys
  5 electric eels
  A bombardier beetle (D:3)
  2 hounds
  42 orc priests
  9 jellies
  Crazy Yiuf (D:6)
  3 gnoll boudas
  26 orc wizards
  Natasha (thrice) (D:4)
  4 iguanas
  2 polar bear simulacra
  2 troll simulacra (IceCv)
  10 gnolls
  12 adders
  4 river rats
  2 swamp drake zombies (Swamp:4)
  A shadow imp (D:5)
  2 swamp drake skeletons (Swamp:4)
  A white imp (IceCv)
  3 ufetubi
  3 dart slugs
  10 ribbon worms
  61 orcs
  19 endoplasms
  A giant cockroach (D:4)
  3 goblins
  3 hobgoblins
  7 jackals
  7 quokkas
  7 ball pythons
  3 bats
  3 frilled lizards (D:2)
  17 kobolds
  6 rats
1680 creatures vanquished.

Vanquished Creatures (collateral kills)
  Xtahua (Vaults:3)
  A lich (Vaults:5)
  A titan (Vaults:5)
  A tengu reaver (Vaults:5)
  A nagaraja (Snake:1)
  A fire giant (Vaults:5)
  A vault warden (Vaults:5)
  A cacodemon (Depths:1)
  An ettin (Vaults:5)
  A slime creature (D:15)
  A blizzard demon (Depths:1)
  A yaktaur captain (Vaults:5)
  A rakshasa (Depths:1)
  A boulder beetle (D:15)
  A deep troll earth mage (Vaults:5)
  3 naga warriors
  A naga sharpshooter (Snake:4)
  A sun demon (Depths:1)
  A soul eater (Depths:1)
  A shock serpent (Snake:1)
  A skyshark (Depths:3)
  A naga ritualist (Snake:4)
  An arcanist (D:15)
  4 deep trolls (Vaults:1)
  A phantasmal warrior (Vaults:5)
  2 lindwurms
  A salamander (Snake:4)
  A naga mage (Snake:1)
  A guardian serpent (Snake:4)
  A smoke demon (Depths:1)
  A black mamba (Snake:1)
  A vault sentinel (Vaults:5)
  An ice devil (Depths:1)
  2 red devils (Depths:1)
  A hellwing (Depths:1)
  A ynoxinul (Depths:1)
  A naga (Snake:4)
  2 ogres (D:13)
  2 orcs (D:12)
48 creatures vanquished.

Vanquished Creatures (others)
  A tengu warrior (Depths:2)
  An occultist (Vaults:1)
  A swamp dragon (Swamp:2)
  2 bloated husks
  A hornet (Swamp:4)
  A spriggan (Swamp:1)
  A redback simulacrum (D:15)
  A naga (Snake:4)
  A meliai simulacrum (D:15)
  36 foxfires
46 creatures vanquished.

Grand Total: 1774 creatures vanquished

Notes
Turn   | Place    | Note
-------+----------+-------------------------------------------
     0 | D:1      | Borsukrates the Oni Fighter began the quest for the Orb.
     0 | D:1      | Reached XP level 1. HP: 24/24 MP: 1/1
    48 | D:1      | Reached XP level 2. HP: 19/32 MP: 2/2
   669 | D:2      | Reached XP level 3. HP: 19/39 MP: 3/3
  1007 | D:2      | Reached skill level 1 in Long Blades
  1241 | D:3      | Reached XP level 4. HP: 26/48 MP: 4/4
  1415 | D:3      | Found Bawiypne's Assorted Antiques.
  1481 | D:3      | Reached XP level 5. HP: 54/54 MP: 5/5
  1965 | D:3      | Found a faded altar of an unknown god.
  2340 | D:4      | Reached XP level 6. HP: 46/62 MP: 6/6
  2381 | D:4      | Reached skill level 5 in Long Blades
  2433 | D:4      | Noticed Natasha
  2441 | D:4      | Killed Natasha
  2451 | D:4      | Found Zitesk's Antique Weapon Shoppe.
  2593 | D:4      | Reached XP level 7. HP: 61/70 MP: 7/7
  2692 | D:4      | Noticed Natasha
  2704 | D:4      | Killed Natasha
  2716 | D:4      | Noticed Natasha
  2728 | D:4      | Killed Natasha
  2804 | D:4      | Found a glowing drain.
  2809 | Sewer    | Entered a sewer
  3113 | Sewer    | Reached XP level 8. HP: 67/78 MP: 8/8
  3397 | Sewer    | Reached skill level 1 in Spellcasting
  4168 | D:5      | Entered Level 5 of the Dungeon
  4400 | D:5      | Found a radiant altar of Vehumet.
  5535 | D:6      | Found a runed translucent door.
  5536 | D:6      | Noticed Crazy Yiuf
  5814 | D:6      | Found a broken altar of Ashenzari.
  5815 | D:6      | Found a snail-covered altar of Cheibriados.
  5908 | D:6      | Found a staircase to the Ecumenical Temple.
  5917 | Temple   | Entered the Ecumenical Temple
  5924 | Temple   | Became a worshipper of Qazlal Stormbringer
  5978 | D:6      | Reached XP level 9. HP: 80/84 MP: 11/11
  6844 | D:7      | Reached skill level 10 in Long Blades
  7990 | D:8      | Reached skill level 5 in Shields
  8150 | D:8      | Noticed Maggie
  8161 | D:8      | Paralysed by Maggie for 5 turns
  8174 | D:8      | Killed Maggie
  8306 | D:8      | Reached skill level 5 in Fighting
  9113 | D:8      | Reached XP level 10. HP: 96/96 MP: 12/12
  9147 | D:9      | Found Uduetratt's Antique Armour Boutique.
  9243 | D:9      | Reached skill level 6 in Fighting
  9243 | D:9      | Noticed a four-headed hydra
  9476 | D:10     | Entered Level 10 of the Dungeon
  9476 | D:10     | Noticed a two-headed ogre
  9485 | D:10     | Killed a two-headed ogre
  9486 | D:10     | Reached skill level 7 in Fighting
  9566 | D:10     | Reached * piety under Qazlal
  9633 | D:10     | Reached skill level 8 in Fighting
  9879 | D:10     | Found a burning altar of Makhleb.
  9881 | D:10     | Noticed a blizzard demon
 10374 | D:9      | Reached XP level 11. HP: 111/111 MP: 13/13
 10564 | D:9      | Found the +1 robe of Vines {NoPotionHeal Regen++++}
 10629 | D:9      | Reached ** piety under Qazlal
 10820 | D:9      | Killed a one-headed hydra
 11712 | D:11     | Identified the +0 chain mail of Pioh Laed {^Drain Int+5}
 11723 | D:11     | Noticed a green ugly thing
 11742 | D:11     | Killed a green ugly thing
 11742 | D:11     | Reached *** piety under Qazlal
 11859 | D:11     | Identified the ring "Oprae" {rPois rN+ Dex+6}
 11958 | D:11     | Found a staircase to the Lair.
 12065 | Lair:1   | Entered Level 1 of the Lair of Beasts
 12124 | Lair:1   | Reached XP level 12. HP: 119/119 MP: 14/14
 12431 | Lair:1   | Reached skill level 10 in Shields
 13009 | Lair:2   | Identified the +8 orcbow of the Beginning {flame, +Blink
                  | Will+}
 13040 | Lair:2   | Noticed a boulder beetle
 13059 | Lair:2   | Killed a boulder beetle
 13063 | Lair:2   | Noticed a six-headed hydra
 13088 | Lair:2   | Killed a one-headed hydra
 13089 | Lair:2   | Reached skill level 9 in Fighting
 13089 | Lair:2   | Reached skill level 5 in Dodging
 13324 | Lair:2   | Reached **** piety under Qazlal
 13442 | Lair:2   | Reached skill level 10 in Fighting
 13546 | Lair:2   | Reached XP level 13. HP: 135/135 MP: 15/15
 13558 | Lair:2   | Reached skill level 11 in Fighting
 14343 | D:3      | Bought a blackened tourmaline ring for 160 gold pieces
 14613 | D:12     | Reached ***** piety under Qazlal
 14630 | D:12     | Noticed Urug
 14642 | D:12     | Killed Urug
 14680 | D:12     | Noticed Fannar
 14702 | D:12     | Killed Fannar
 14703 | D:12     | Reached skill level 1 in Invocations
 14988 | D:12     | Reached skill level 12 in Fighting
 15076 | D:12     | Found a staircase to the Orcish Mines.
 15237 | D:12     | Found the +18 shield of the Gong {Loud rN+ Will+ rCorr
                  | EV-5}
 15518 | D:13     | Noticed Lodul
 15534 | D:13     | Killed Lodul
 15537 | D:13     | Reached skill level 5 in Invocations
 15846 | D:13     | Reached skill level 10 in Dodging
 16522 | D:14     | Reached XP level 14. HP: 149/149 MP: 18/18
 16967 | Lair:3   | Found a frozen archway.
 17012 | IceCv    | Entered an ice cave
 17579 | Lair:3   | Identified the +3 falchion of the Solstice {spect, rPois
                  | Str+7 Int-4 Dex+3}
 17698 | Lair:3   | Found a staircase to the Snake Pit.
 17812 | Lair:3   | Found a staircase to the Swamp.
 18262 | Lair:4   | Reached ****** piety under Qazlal
 19159 | Lair:4   | Found a staircase to the Slime Pits.
 19168 | Lair:4   | Reached XP level 15. HP: 129/156 MP: 21/21
 19202 | Lair:4   | Identified the +1 robe of the Inquisitive People {Str+3}
 19305 | Lair:5   | Entered Level 5 of the Lair of Beasts
 19539 | Lair:5   | Reached skill level 10 in Invocations
 20024 | Lair:5   | Identified the +0 ring mail of Ewausut {+Inv}
 20491 | Orc:1    | Entered Level 1 of the Orcish Mines
 20673 | Orc:2    | Entered Level 2 of the Orcish Mines
 20967 | Orc:2    | Reached XP level 16. HP: 166/167 MP: 23/23
 20986 | Orc:2    | Found Roah's Assorted Antiques.
 20986 | Orc:2    | Found Aromag's Weapon Emporium.
 20986 | Orc:2    | Found Cesyiz's Assorted Antiques.
 20989 | Orc:2    | Found Xogh's General Store.
 20998 | Orc:2    | Bought a scroll of blinking for 195 gold pieces
 20999 | Orc:2    | Bought a scroll of teleportation for 42 gold pieces
 21029 | Orc:2    | Found Curatoed's Gadget Gallery.
 21045 | Orc:2    | Found Nuol Jev's Jewellery Emporium.
 21053 | Orc:2    | Bought an amulet of reflection for 450 gold pieces
 21084 | Orc:2    | Found a staircase to the Elven Halls.
 21606 | D:6      | Killed Crazy Yiuf
 21881 | Swamp:1  | Entered Level 1 of the Swamp
 22280 | Swamp:1  | Identified the amulet "Xuphirafi" {Faith -Tele rN++ Str+2
                  | Stlth+}
 22341 | Swamp:1  | Noticed a tentacled monstrosity
 22364 | Swamp:1  | Killed a tentacled monstrosity
 22365 | Swamp:1  | Reached skill level 13 in Fighting
 23158 | Swamp:3  | Reached skill level 14 in Fighting
 23350 | Swamp:3  | Identified the +6 halberd of the Forging Gods {vamp,
                  | ^Contam rElec Str+3 Dex+5}
 23612 | Swamp:4  | Entered Level 4 of the Swamp
 23700 | Swamp:4  | Noticed Nikola
 23916 | Swamp:4  | Killed Nikola
 23917 | Swamp:4  | Reached skill level 15 in Fighting
 23917 | Swamp:4  | Reached XP level 17. HP: 55/184 MP: 9/26
 24795 | Swamp:4  | Reached skill level 15 in Dodging
 24802 | Swamp:4  | Found a blossoming altar of Fedhas.
 24855 | Swamp:4  | Found a basalt altar of Yredelemnul.
 24929 | Swamp:4  | Reached skill level 16 in Fighting
 24970 | Swamp:4  | Got a decaying rune of Zot
 25778 | D:14     | Found a gate to the Vaults.
 26032 | D:14     | Found a white marble altar of Elyvilon.
 26234 | D:15     | Entered Level 15 of the Dungeon
 26234 | D:15     | Noticed Kirke
 26236 | D:15     | Noticed Rupert
 26248 | D:15     | Noticed a sphinx
 26248 | D:15     | Killed Rupert
 26254 | D:15     | Killed Kirke
 26277 | D:15     | Noticed Jorgrun
 26342 | D:15     | Killed Jorgrun
 26360 | D:15     | Noticed Louise
 26378 | D:15     | Killed Louise
 26435 | D:15     | Reached skill level 17 in Fighting
 26504 | D:15     | Found a runed translucent door.
 26505 | D:15     | Noticed Lyniq's ghost (journeyman DrSh)
 26547 | D:15     | Noticed Azrael
 26559 | D:15     | Killed Azrael
 26619 | D:15     | Found a staircase to the Depths.
 26669 | D:15     | Found the +10 tower shield of Ignorance {rN+ Int-4}
 26673 | D:15     | Found a runed translucent door.
 26709 | D:15     | Found a runed translucent door.
 27389 | D:15     | Killed Lyniq's ghost
 27391 | D:15     | Identified the +0 scale mail of the Orange Skies {Rampage
                  | *Slow rCorr Dex+2}
 28106 | D:15     | Reached XP level 18. HP: 197/201 MP: 26/28
 28495 | Snake:1  | Entered Level 1 of the Snake Pit
 28964 | Snake:1  | Found Wyttiask's Jewellery Emporium.
 28964 | Snake:1  | Found Jixt's Book Boutique.
 28965 | Snake:1  | Found Nageweqasm's Jewellery Emporium.
 28975 | Snake:1  | Bought the ring of the Tortoise {AC+8} for 1408 gold pieces
 28975 | Snake:1  | Found the ring of the Tortoise {AC+8}
 29099 | Snake:2  | Reached skill level 18 in Fighting
 29481 | Snake:2  | Found Xoyfer's Armour Shop.
 29483 | Snake:2  | Found Hoocefad's Antique Weapon Boutique.
 29486 | Snake:2  | Found Kibliurph's Book Shop.
 29833 | Snake:2  | Identified the ring "Egas" {Wiz Slay+2}
 30427 | Snake:3  | Reached skill level 19 in Fighting
 30544 | Snake:3  | Reached XP level 19. HP: 216/217 MP: 27/30
 30849 | Snake:3  | Found the +15 Maxwell's patent armour {-Cast -Tele rElec
                  | Will+ rCorr}
 31013 | Snake:3  | Identified the +5 short sword "Killer Bee's Curse" {holy,
                  | rF++ rC+++ Int-5}
 31047 | Snake:3  | Reached skill level 15 in Invocations
 31447 | Snake:4  | Entered Level 4 of the Snake Pit
 31625 | Snake:4  | Reached skill level 20 in Fighting
 32113 | Snake:4  | Reached skill level 15 in Shields
 32228 | Snake:4  | Got a serpentine rune of Zot
 33184 | Vaults:1 | Entered Level 1 of the Vaults
 33511 | Vaults:1 | Identified the serpent talisman "Fijoraer" {rF++ rCorr MP-9
                  | Slay-2}
 33511 | Vaults:1 | Noticed Aizul
 33525 | Vaults:1 | Killed Aizul
 33556 | Vaults:1 | Reached XP level 20. HP: 214/228 MP: 32/32
 33796 | Vaults:1 | Found Essephyst's Orb Outfitters.
 33978 | Vaults:1 | Identified the +2 helmet "Viusobaf" {rPois rCorr Str+3}
 34414 | Vaults:2 | Noticed Jory
 34434 | Vaults:2 | Killed Jory
 34437 | Vaults:2 | Reached skill level 15 in Long Blades
 34548 | Vaults:2 | Identified 2 scrolls of acquirement
 34551 | Vaults:2 | Acquired a +4 double sword of holy wrath
 34554 | Vaults:2 | Acquired 758 gold pieces
 35378 | Vaults:2 | Noticed Boris
 35392 | Vaults:2 | Killed Boris
 35707 | Vaults:3 | Noticed Xtahua
 35724 | Vaults:3 | Killed Xtahua
 35725 | Vaults:3 | Reached XP level 21. HP: 201/239 MP: 28/33
 36014 | Vaults:3 | Reached skill level 21 in Fighting
 36588 | Vaults:3 | Found an ancient bone altar of Kikubaaqudgha.
 36590 | Vaults:3 | Found a staircase to the Crypt.
 36615 | Vaults:3 | Found a basalt altar of Yredelemnul.
 37151 | Vaults:4 | Noticed a golden dragon
 37162 | Vaults:4 | Killed a golden dragon
 37165 | Vaults:4 | Identified the +1 pair of boots "Tujik" {rF- rC+ MP+9
                  | Stlth+}
 37271 | Vaults:4 | Identified the orb of Bedazzled Fun {*channel, MP+9 Int-3
                  | Necro Ice}
 37271 | Vaults:4 | Noticed Frederick
 37290 | Vaults:4 | Killed Frederick
 37823 | Vaults:4 | Found Rathrum's Antique Armour Shoppe.
 38436 | Depths:1 | Entered Level 1 of the Depths
 38484 | Depths:1 | Found a shadowy altar of Dithmenos.
 38530 | Depths:1 | Reached XP level 22. HP: 209/252 MP: 13/36
 38576 | Depths:1 | Found a gateway to Hell.
 38724 | Depths:1 | Reached skill level 1 in Evocations
 38782 | Depths:1 | Found a one-way gate to the infinite horrors of the Abyss.
 38796 | Depths:1 | Found a sacrificial altar of Ru.
 38849 | Depths:1 | Found a one-way gate leading to the halls of Pandemonium.
 39347 | Depths:1 | Identified the +2 ring mail "Fati" {rPois rN+++ MP-9
                  | Stlth+}
 39655 | Depths:2 | Reached skill level 5 in Evocations
 40389 | Depths:2 | Found a shimmering altar of Xom.
 40393 | Depths:2 | Found a shimmering altar of Xom.
 40394 | Depths:2 | Found a shimmering altar of Xom.
 40394 | Depths:2 | Found a shimmering altar of Xom.
 40395 | Depths:2 | Found a shimmering altar of Xom.
 40395 | Depths:2 | Found a shimmering altar of Xom.
 40397 | Depths:2 | Found a shimmering altar of Xom.
 40765 | Depths:3 | Noticed a golden dragon
 40773 | Depths:3 | Reached skill level 22 in Fighting
 40777 | Depths:3 | Noticed a juggernaut
 40869 | Depths:2 | Killed a juggernaut
 40968 | Depths:3 | Killed a golden dragon
 41010 | Depths:3 | Identified the ring "Addenoc" {Ice Int+3}
 41146 | Depths:3 | Reached XP level 23. HP: 167/266 MP: 37/37
 41538 | Depths:3 | Identified the +0 scale mail of Cuh Muad {*Slow rElec
                  | Int+3}
 41590 | Depths:3 | Identified the +1 robe "Pieggen" {Rampage *Corrode Dex-3
                  | SInv}
 41590 | Depths:3 | Noticed Norris
 41594 | Depths:3 | Reached skill level 23 in Fighting
 41616 | Depths:3 | Killed Norris
 41785 | Depths:3 | Found a bloodstained altar of Trog.
 42194 | Depths:4 | Entered Level 4 of the Depths
 42324 | Depths:4 | Found a flickering gateway to a bazaar.
 42360 | Bazaar   | Entered a bazaar
 42365 | Bazaar   | Found Hyfi Osi's Distillery.
 42383 | Bazaar   | Found Gorchida's Antique Weapon Emporium.
 42400 | Bazaar   | Found Surph's Book Boutique.
 42405 | Bazaar   | Bought a manual of Shields for 560 gold pieces
 42417 | Bazaar   | Found Wosoytaum's Antique Armour Shoppe.
 42438 | Bazaar   | Bought a potion of curing for 57 gold pieces
 42438 | Bazaar   | Bought a potion of curing for 57 gold pieces
 42438 | Bazaar   | Bought a potion of might for 76 gold pieces
 42438 | Bazaar   | Bought 2 potions of resistance for 380 gold pieces
 42438 | Bazaar   | Bought a potion of enlightenment for 95 gold pieces
 42579 | Depths:4 | Found a runed translucent gate.
 42580 | Depths:4 | Found a runed translucent gate.
 42580 | Depths:4 | Found a runed translucent gate.
 42581 | Depths:4 | Noticed Xoxom's ghost (master GrEE)
 42584 | Depths:4 | Noticed Qiwept's ghost (veteran BaIE)
 42618 | Depths:4 | Found a one-way gateway to a ziggurat.
 42667 | Depths:4 | Reached skill level 24 in Fighting
 43098 | Depths:4 | Found a gate to the Realm of Zot.
 43177 | Depths:4 | Identified the ring "Plog" {Ice rCorr Str-3 Int+7}
 43462 | Depths:4 | Identified the ring "Gurapnim" {rPois Str+7 Dex+6}
 43757 | Vaults:5 | Entered Level 5 of the Vaults
 43759 | Vaults:5 | Noticed an ancient lich
 44002 | Vaults:5 | Noticed a golden dragon
 44032 | Vaults:5 | Reached XP level 24. HP: 72/281 MP: 31/37
 44181 | Vaults:5 | Reached skill level 25 in Fighting
 44273 | Vaults:5 | Killed from afar by a fire giant

Illustrated notes

Levels and vault maps discovered:
D:1:      lightli_arrival_farm, layout_basic
D:2:      layout_basic, minmay_hexomino_f4
D:3:      layout_basic, shapermc_ecumenical_altar_totnotflames, serial_shops,
          shop
D:4:      layout_loops_cross, lightli_sewer_entry_pipes, serial_shops, shop,
          uniq_natasha
D:5:      wad_lake_hut, layout_rooms, fiery_altar_vehumet, feat_on_display
D:6:      layout_gridville, nicolae_overflow_squiral,
          minmay_temple_entry_junction, minivault_22, centaur_isle,
          uniq_crazy_yiuf_cottage
D:7:      layout_rooms
D:8:      layout_layer_cave, chequers_serial_rivers_marsh, grunt_ogre_cave,
          uniq_maggie
D:9:      layout_small_grid, serial_shops, nicolae_shop_rolling_square,
          minivault_26, minmay_misc_feat_rows, kennysheep_path_1,
          hellmonk_guarded_unrand_vines
D:10:     layout_loops_ring, makhleb_altar_promises_db, nrook_mini_vaults,
          minmay_variable_closet
D:11:     layout_stronghold, minmay_lair_entry_grove
D:12:     layout_irregular_city, hiddenorc1_lemuel, dreamdust_wishing_well,
          hellmonk_guarded_unrand_gong, uniq_urug, uniq_fannar
D:13:     layout_long_grid, special_room [special_room_orc], uniq_lodul
D:14:     layout_irregular_city, erik_vaults_1, nicolae_elyvilon_temple_path
D:15:     grunt_enter_depths_magical_seal, layout_cross, serial_glass,
          glass_columns_a, glass_columns_a, ebering_ghost_inner_flame,
          chequers_guarded_unrand_ignorance, uniq_rupert, uniq_kirke,
          uniq_louise, uniq_jorgrun, uniq_azrael
Temple:   compressed_dpeg_circular_temple
Lair:1:   layout_chaotic_city, nicolae_lair_lil_pond,
          grunt_forest_large_clearing_hut
Lair:2:   lemuel_slime, layout_cave_pods, minmay_stone_trees_small,
          grunt_megastairs_3, serial_bayou_shore_b
Lair:3:   layout_misc_corridors, mainiacjoe_swamp_entry_lozenge_pond,
          nicolae_snake_entry_squirm, portal_ice_cave_entry_ice_simulacra
Lair:4:   layout_hall_layers, minmay_slime_entry_oklob_open
Lair:5:   minmay_lair_end_frog_pond, layout_regular_city,
          infiniplex_staircase_pool_2
Swamp:1:  cheibrodos_swamp_monstrosity, layout_basic_swamp, serial_swamp_ruin,
          evilmike_swamp_ruin_house_3, evilmike_swamp_ruin_house_6,
          evilmike_swamp_ruin_house_1
Swamp:2:  layout_falls_marsh, evilmike_swamp_ruin_rubble_2
Swamp:3:  layout_basic_swamp, evilmike_swamp_ruin_house_2
Swamp:4:  byrel_swamp_growth_death_and_undeath, layout_basic_swamp, uniq_nikola
Snake:1:  layout_rooms, minmay_shop_grove, lemuel_fruit_tree
Snake:2:  layout_chambers, nicolae_twisty_statue_hallways, minmay_shop_star,
          serial_bayou_shore_a
Snake:3:  layout_cave_pods, grunt_megastairs_2
Snake:4:  johnstein_snake_rune_scales, layout_chambers
Orc:1:    layout_diamond_mine, serial_shops, shop, uniq_maurice
Orc:2:    st_orc_mages, layout_caves, minmay_shop_enchanted_jewellery,
          nicolae_shop_gadgets
Vaults:1: v_pattern_2, vaults_room_ringed_pool, v_misc_16,
          hangedman_vaults_river_flow, vaults_room_door_hall, v_misc_27,
          serial_library_hellmonk_reading_circle, vaults_mumra_chevron,
          tekkud_shop_of_orbs, v_misc_25, v_misc_15,
          nicolae_vaults_storage_room_water, layout_vaults_omnibox, uniq_aizul
Vaults:2: v_misc_29, v_alt_pattern_4, nicolae_vaults_diamond_2,
          nicolae_vaults_weapon_check, nicolae_vaults_little_ls,
          vaults_dpeg_emergency_exit, nicolae_vaults_house_3, v_misc_30,
          minmay_orc_keep, v_misc_19, st_cells, hangedman_vaults_cutoff,
          layout_vaults_omnicross, uniq_jory, uniq_boris
Vaults:3: vaults_room_large_hall, grunt_vaults_hallway_long, st_cross,
          minmay_crypt_entry_necro_gods, nicolae_vaults_trapezoid_2,
          ontoclasm_vaults_twist, v_alt_pattern_2, nicolae_vaults_apartment_1,
          nicolae_vaults_tetromino_T_1, nicolae_vaults_storage_room_glass,
          nicolae_vaults_trapezoid_lopsided_3, nicolae_vaults_surprise_closet,
          hangedman_vaults_trim, nicolae_vaults_sightless_eye,
          nicolae_vaults_storage_room_statues, layout_vaults_chaotic_city,
          uniq_xtahua
Vaults:4: nicolae_vaults_six-pack, nicolae_vaults_double_plus_3,
          vaults_room_boxed, vaults_room_stairs_pillars, v_misc_14,
          hangedman_vaults_corner_blocks, vaults_room_hallway, v_misc_30,
          nicolae_vaults_apartment_2, dpeg_vaults_monster_row,
          vaults_room_door_ring, vaults_dpeg_diagonal, ontoclasm_vaults_spin,
          nicolae_vaults_trapezoid_lopsided_4,
          nicolae_vaults_shipping_containers_1, v_misc_27,
          nicolae_vaults_diamond_2, layout_vaults_maze_bifur, serial_shops,
          nicolae_shop_real_fake_doors, uniq_frederick
Vaults:5
Depths:1: layout_roguey, abyss_entry, nicolae_dithmenos_through_a_glass_darkly,
          grunt_hell_entry_demonic_statue, rand_demon_pan_entry_7,
          nicolae_ru_awakened_eye
Depths:2: kennysheep_room_grid, layout_basic, pf_coc_iceberg,
          nicolae_xom_altar_mimics, grunt_pan_entry_zigzag,
          infiniplex_staircase_zigzag_4
Depths:3: grunt_x_marks_the_spot, layout_honeycomb,
          hangedman_decor_diamond_cutter, abyss_entry, hell_entry, tgw_trog,
          infiniplex_staircase_star, firewood_loft, uniq_norris
Depths:4: grunt_zot_entry_gee_three, layout_small_grid, enter_ziggurat_e,
          gammafunk_ghost_cemetery, serial_rivers,
          chequers_serial_rivers_small_b, chequers_serial_rivers_room_b,
          chequers_serial_rivers_small_3, chequers_serial_rivers_large_a,
          chequers_serial_rivers_micro_c, chequers_serial_rivers_small_a,
          serial_shops, bzr_entry_safe, hell_entry

Skill      XL: |  1  2  3  4  5  6  7  8  9 10 11 12 13 14 15 16 17 18 19 20 21 22 23 24 |
---------------+-------------------------------------------------------------------------+-----
Maces & Flails | 3 |  3.4
Long Blades    | 2 3 4 5 7 9 10 11 13 14 15 16 | 16.4
Spellcasting   | 1 |  1.9
Shields        | 3 6 8 9 10 12 14 15 16 17 18 | 18.0
Fighting       | 5 8 10 12 15 17 19 20 21 22 24 25 | 25.1
Dodging        | 7 10 11 12 14 16 17 18 19 20 21 | 21.0
Invocations    | 6 8 10 12 13 14 16 17 20 | 20.0
Evocations     | 5 |  5.0

Action                     |  1- 3 |  4- 6 |  7- 9 | 10-12 | 13-15 | 16-18 | 19-21 | 22-24 || total
---------------------------+-------+-------+-------+-------+-------+-------+-------+-------++-------
  Melee: Flail             |    54 |       |       |       |       |       |       |       ||    54
         Headbutt          |    12 |    10 |    74 |   157 |   299 |   482 |   537 |   447 ||  2018
         Dagger            |     6 |     4 |    67 |   100 |    13 |       |       |       ||   190
         Demon blade       |    21 |    78 |   320 |   581 |   901 |  1415 |  1466 |  1042 ||  5824
         Staff             |       |       |    10 |     9 |     1 |     7 |     5 |       ||    32
         Short sword       |       |       |     6 |     3 |       |       |       |       ||     9
         Hand axe          |       |       |       |    17 |       |       |       |       ||    17
         Scimitar          |       |       |       |       |   141 |   138 |    15 |     2 ||   296
         Double sword      |       |       |       |       |       |       |    13 |    83 ||    96
  Throw: Stone             |       |     3 |       |       |       |       |       |       ||     3
         Large rock        |       |     1 |     5 |     2 |       |     1 |       |       ||     9
 Invoke: Elemental Force   |       |       |       |       |     2 |     6 |     9 |     4 ||    21
         Upheaval          |       |       |       |       |     2 |     7 |    17 |     4 ||    30
         Disaster Area     |       |       |       |       |       |     2 |     2 |     4 ||     8
  Evoke: Wand              |       |       |       |     4 |     3 |     8 |       |     9 ||    24
         Phantom mirror    |       |       |       |       |       |       |       |     1 ||     1
         Phial of floods   |       |       |       |       |       |       |       |     1 ||     1
         Condenser vane    |       |       |       |       |       |       |       |     1 ||     1
    Use: Scroll            |       |     2 |     9 |       |     9 |    15 |    11 |    19 ||    65
         Potion            |       |       |       |       |       |     3 |       |     1 ||     4
   Stab: Sleeping          |     1 |     2 |       |       |       |       |       |       ||     3
         Paralysed         |       |       |       |       |     1 |     2 |     9 |       ||    12
         Fleeing           |       |       |       |       |     1 |       |       |       ||     1
         Distracted        |       |       |       |       |       |     1 |     3 |     1 ||     5
 Armour: Robe              |    40 |    31 |   175 |    50 |   211 |   533 |   340 |   472 ||  1852
         Acid dragon scale |       |       |    17 |   230 |       |       |       |       ||   247
  Dodge: Dodged            |    30 |    31 |   206 |   248 |   205 |   315 |   245 |   374 ||  1654
         Repelled          |       |       |       |       |    13 |    17 |    17 |    19 ||    66
  Block: Kite shield       |    38 |    28 |   164 |   416 |  1134 |  2241 |  1732 |  1604 ||  7357
         Reflection        |       |       |       |       |       |   190 |   181 |    30 ||   401
